AoeStats
← Kaiser Ze

Arabia

509066543Analyzed
1v1 RM · 7d ago on Sep 25, 2026· 37m 48s· 2 players
Game mode
Random Map
Map size
Tiny (2 player)
Population
200
Speed
Normal
Resources
Standard
Victory
Conquest
Starting age
Dark Age
Ending age
Imperial Age
RankedLock teamsTeams togetherTeam positionsShared explorationLock speedFull tech treeHidden civsTurbo modeCheats
Victory
Defeat
🇨🇳 Varangians · China
1224
+17
🇧🇪 Danes · Belgium
1236
-17
Kaiser Ze
6:46 Loom
9:31 Feudal Age
10:22 Double-Bit Axe
12:01 Bloodlines
21:29 Castle Age
20:01 Scale Barding Armor
20:07 Forging
23:07 Bow Saw
24:34 Gold Mining
24:21 Light Cavalry
25:32 Horse Collar
27:33 Wheelbarrow
28:01 Husbandry
28:05 Fletching
30:19 Bodkin Arrow
34:11 Hand Cart
34:19 Padded Archer Armor
35:59 Ballistics
36:15 Leather Archer Armor
36:00 Town Watch
Lil Biscuit
6:21 Loom
9:15 Feudal Age
9:23 Man-at-Arms
12:19 Arson
18:05 Scale Mail Armor
23:24 Castle Age
23:35 Double-Bit Axe
24:38 Bow Saw
24:22 Pikeman
27:14 Squires
29:00 Chain Mail Armor
33:53 Gambesons
35:28 Elite Skirmisher
36:00 Fletching
36:13 Padded Archer Armor
37:19 Bodkin Arrow
Connection lost

Rejoining the realm…

Still unreachable

The connection could not be restored.

Session expired

The server has moved on; the page needs a fresh start.